 Dungeon Crawl Stone Soup version 0.30-a0-585-g93115170b9 (webtiles) character file.

Game seed: 6917255400619104034

34 Citaku the Chopper (level 3, 0/33 HPs)
             Began as a Minotaur Berserker on Jan 2, 2023.
             Was a Follower of Trog.
             Succumbed to an adder's poison
             ... on level 2 of the Dungeon.
             The game lasted 00:01:36 (773 turns).

Citaku the Chopper (Minotaur Berserker)              Turns: 773, Time: 00:01:36

Health: 0/33       AC:  5    Str: 21    XL:     3   Next: 14%
Magic:  2/2        EV: 11    Int:  4    God:    Trog [*.....]
Gold:   42         SH:  0    Dex:  9    Spells: 2/2 levels left

rFire   . . .      SeeInvis .    a - +0 hand axe
rCold   . . .      Faith    .    (no shield)
rNeg    . . .      Spirit   .    d - +0 ring mail
rPois   .          Reflect  .    (helmet restricted)
rElec   .          Harm     .    (no cloak)
rCorr   .          Rampage  .    (no gloves)
Will    .....                    (no boots) Stlth
                                 (no amulet)
HPRegen 0.25/turn                (no ring)
MPRegen 0.08/turn                (no ring)

@: lethally poisoned (0 -> -1)
A: horns 2, retaliatory headbutt, weak 1
a: Renounce Religion, Berserk


You were on level 2 of the Dungeon.
You worshipped Trog.
Trog was aware of your devotion.
You visited 1 branch of the dungeon, and saw 2 of its levels.

You collected 42 gold pieces.

Inventory:

Hand Weapons
 a - a +0 hand axe (weapon)
Armour
 d - a +0 ring mail (worn)
Scrolls
 b - a scroll of teleportation {unknown}


   Skills:
 + Level 4.0 Fighting
 * Level 4.1 Axes
 * Level 3.1 Armour
 - Level 2.6 Dodging


You had 2 spell levels left.
You didn't know any spells.
Your spell library was empty.

Dungeon Overview and Level Annotations

Branches:
Dungeon (2/15)

Altars:


Innate Abilities, Weirdness & Mutations

You have a pair of horns on your head.
You reflexively headbutt those who attack you in melee.
You are weak. (Str -2)


Message History

You feel sick. The adder bites you but does no damage.
You hit the adder.
The adder is heavily wounded.
You feel sick. The adder bites you.
You are more poisoned.
The adder poisons you!
You barely miss the adder.
The adder is heavily wounded.
You feel sick. The adder bites you.
* * * LOW HITPOINT WARNING * * *
The adder barely misses you.
You miss the adder.
The adder is heavily wounded.
You feel sick. The adder closely misses you.
You slash the adder!
You kill the adder!
Trog accepts your kill.
* * * LOW HITPOINT WARNING * * *
You feel sick.
Your Armour skill increases to level 3!
You have reached level 3!
Your experience leads to an increase in your attributes!
Your base attributes are Str 21, Int 4, Dex 9.
Increase (S)trength, (I)ntelligence, or (D)exterity?
You feel stronger. x2
You closely miss the goblin. Your headbutt misses the goblin.
You feel sick. The goblin hits you but does no damage.
A worm comes into view.
The goblin hits you with a +0 whip.
* * * LOW HITPOINT WARNING * * *
You hit the goblin. You headbutt the goblin.
You kill the goblin!
Trog accepts your kill.
* * * LOW HITPOINT WARNING * * *
You feel sick.
* * * LOW HITPOINT WARNING * * *
You feel sick.
Things that are here:
a +0 whip; a goblin corpse You die...

..#######.####
#.#########
#.#.......)
#...#######
#.### #.# #.#
###.#######.#
....w..)@...#
###.#######.#
#.# #.# ..#
###


You could see a worm.

Vanquished Creatures
  An adder (D:2)
  An endoplasm (D:1)
  A giant cockroach (D:1)
  4 goblins
  3 quokkas (D:1)
  5 ball pythons (D:1)
  3 bats (D:1)
  2 frilled lizards (D:1)
  2 kobolds (D:1)
  2 rats (D:1)
24 creatures vanquished.

Notes
Turn   | Place    | Note
-------+----------+-------------------------------------------
     0 | D:1      | Citaku the Minotaur Berserker began the quest for the Orb.
     0 | D:1      | Reached XP level 1. HP: 19/19 MP: 0/0
   220 | D:1      | Gained mutation: You are weak. (Str -2) [potion of
                  | mutation]
   263 | D:1      | Reached XP level 2. HP: 26/27 MP: 1/1
   770 | D:2      | Reached XP level 3. HP: 6/33 MP: 2/2
   771 | D:2      | HP: 1/33 [poisoned by an adder]
   773 | D:2      | Succumbed to an adder's poison

Illustrated notes

Levels and vault maps discovered:
D:1:      ebering_hopf_link, layout_loops_ring
D:2:      layout_loops_ring, minmay_misc_feat_plants, uniq_sigmund, uniq_natasha

Skill      XL: |  1  2 |
---------------+-------+-----
Axes           | 4 |  4.1
Fighting       | 4 |  4.0
Armour         | 3 |  3.1
Dodging        | |  2.6

Action                   || total
-------------------------++-------
Melee: Hand axe          ||    57
       Headbutt          ||     2
  Use: Potion            ||     1
Armor: Ring mail         ||    18
       Animal skin       ||     1
Dodge: Dodged            ||    46

Table legend: (Time is in decaauts)
 A = Elapsed time spent in this place.
 B = Non-inter-level travel time spent in this place.
 C = Inter-level travel time spent in this place.
 D = Time resting spent in this place.
 E = Time spent auto-exploring this place.
 F = Levels seen in this place.
 G = Mean time per level.
                   A        B        C        D        E       F      G
               +--------+--------+--------+--------+--------+-----+--------+
         Total |    778 |    778 |      0 |      0 |    506 |   2 |  389.0 |
       Dungeon |    778 |    778 |      0 |      0 |    506 |   2 |  389.0 |
               +--------+--------+--------+--------+--------+-----+--------+

Top non-repeatable levels by time:
     D:1: 734 daAuts
     D:2: 44 daAuts
